AoeStats
← CrazyBen

African Clearing

506690584Analyzed
4v4 RM · 18d ago on Sep 14, 2026· 41m 5s· 8 players
Game mode
Random Map
Map size
Large (8 player)
Population
200
Speed
Normal
Resources
Standard
Victory
Conquest
Starting age
Dark Age
Ending age
Imperial Age
RankedLock teamsTeams togetherTeam positionsShared explorationLock speedFull tech treeHidden civsTurbo modeCheats
Victory
Defeat
🇮🇹 Mapuche · Italy
1511
+15
🇫🇷 Khmer · France
1469
+17
🇳🇴 Burmese · Norway
1433
+18
🇪🇸 Huns · Spain
1393
+20
🇩🇪 Mongols · Germany
1522
-19
🇹🇷 Koreans · Türkiye
1517
-19
🇨🇦 Maya · Canada
1478
-17
🇮🇳 Poles · India
1417
-15
Nordigard
9:05 Loom
15:17 Feudal Age
19:19 Horse Collar
21:14 Wheelbarrow
33:30 Castle Age
35:01 Town Watch
36:21 Fletching
41:20 Heavy Plow
KIRA
3:47 Loom
13:57 Feudal Age
17:32 Castle Age
16:27 Double-Bit Axe
16:25 Horse Collar
18:57 Bow Saw
18:49 Heavy Plow
20:26 Town Watch
27:02 Wheelbarrow
32:18 Imperial Age
30:07 Marauders
30:01 Gold Mining
30:33 Bloodlines
30:46 Husbandry
31:28 Forging
32:49 Scale Barding Armor
33:22 Iron Casting
33:38 Conscription
33:55 Chain Barding Armor
34:49 Elite Tarkan
37:02 Blast Furnace
36:51 Gold Shaft Mining
37:42 Capped Ram
38:49 Siege Ram
HSL | LuxRay
5:07 Loom
14:36 Feudal Age
16:14 Double-Bit Axe
18:31 Castle Age
19:25 Bow Saw
19:35 Fletching
21:50 Bodkin Arrow
25:07 Horse Collar
26:50 Padded Archer Armor
28:12 Wheelbarrow
28:50 Leather Archer Armor
30:04 Ballistics
29:46 Stone Mining
30:34 Hand Cart
31:47 Town Watch
33:00 Malon
33:13 Gold Mining
33:24 Heavy Plow
36:52 Imperial Age
37:01 Elite Bolas Rider
40:33 Ring Archer Armor
CrazyBen
9:34 Loom
12:01 Feudal Age
12:26 Double-Bit Axe
13:50 Forging
20:22 Scale Barding Armor
22:17 Wheelbarrow
28:28 Castle Age
26:29 Fletching
27:50 Stone Mining
29:20 Bow Saw
30:58 Ballistics
Mezsar
4:12 Loom
12:58 Feudal Age
13:25 Double-Bit Axe
15:54 Forging
21:53 Castle Age
20:14 Horse Collar
21:26 Gold Mining
21:55 Bloodlines
22:54 Bow Saw
28:54 Wheelbarrow
30:15 Szlachta Privileges
30:43 Scale Barding Armor
31:14 Iron Casting
31:23 Husbandry
31:46 Chain Barding Armor
32:37 Fletching
33:29 Ballistics
36:04 Heavy Plow
40:57 Imperial Age
38:45 Hand Cart
M*rpheu$
11:47 Feudal Age
18:01 Castle Age
16:59 Double-Bit Axe
17:00 Horse Collar
17:53 Bloodlines
18:03 Gold Mining
22:50 Wheelbarrow
22:29 Town Watch
25:33 Husbandry
30:54 Scale Barding Armor
32:29 Forging
33:25 Bow Saw
34:30 Heavy Plow
36:58 Chain Barding Armor
40:31 Iron Casting
Saruman
9:37 Loom
13:23 Feudal Age
18:31 Castle Age
24:17 Fletching
29:31 Bodkin Arrow
31:46 Horse Collar
33:05 Wheelbarrow
33:41 Ballistics
37:23 Husbandry
37:33 Heavy Plow
小三輪司機
13:23 Feudal Age
14:18 Loom
16:19 Gold Mining
19:44 Castle Age
20:40 Double-Bit Axe
20:59 Fletching
23:58 Bodkin Arrow
29:46 Ballistics
29:52 Horse Collar
30:52 Wheelbarrow
30:50 Town Watch
35:23 Padded Archer Armor
36:38 Leather Archer Armor
40:04 Imperial Age
38:39 Heavy Plow
40:20 Bow Saw
Connection lost

Rejoining the realm…

Still unreachable

The connection could not be restored.

Session expired

The server has moved on; the page needs a fresh start.